 Dungeon Crawl Stone Soup version 0.31-a0-851-g7ff8af7976 (webtiles) character file.

Game seed: 437835514975026755

148 MachoJfn the Firebug (level 5, 0/36 HPs)
             Began as a Demonspawn Fire Elementalist on Oct 6, 2023.
             Was an Initiate of Hepliaklqana.
             Slain by a gnoll
             ... wielding a +0 halberd of freezing
             ... led by a gnoll bouda
              (3 damage)
             ... on level 4 of the Dungeon.
             The game lasted 00:17:28 (7258 turns).

MachoJfn the Firebug (Demonspawn Fire Elementalist) Turns: 7258, Time: 00:17:30

Health: 0/36       AC:  4    Str:  7 (8)  XL:     5   Next: 8%
Magic:  10/10      EV: 11    Int: 16 (19) God:    Hepliaklqana [......]
Gold:   171        SH:  0    Dex: 13      Spells: 4/10 levels left

rFire   . . .        c - +2 dagger (speed)
rCold   . . .        (no shield)
rNeg    . . .        p - +0 leather armour
rPois   .            (no helmet)
rElec   .            (no cloak)
rCorr   .            (no gloves)
SInv    .            t - +0 pair of boots
Will    .....        q - amulet of magic regeneration
Stlth   ++           i - ring of wizardry
HPRegen 0.26/turn    (no ring)
MPRegen 0.64/turn

%: wizardry (x1)
@: mighty
A: hooves 2, magic regeneration, weakness stinger 1
a: Renounce Religion


You were on level 4 of the Dungeon.
You worshipped Hepliaklqana.
Hepliaklqana was noncommittal.
You visited 1 branch of the dungeon, and saw 4 of its levels.

You collected 171 gold pieces.

Inventory:

Hand Weapons
 c - a +2 dagger of speed (weapon)
Missiles
 a - 4 darts of dispersal
 h - 48 stones
Armour
 p - a +0 leather armour (worn)
 t - a +0 pair of boots (worn)
Jewellery
 i - a ring of wizardry (left hand)
 q - an amulet of magic regeneration (around neck)
Talismans
 j - a talisman of death
 m - a serpent talisman
Scrolls
 d - a scroll of poison
 e - a scroll of immolation
 f - a scroll of identify
 k - a scroll of amnesia
 s - a scroll of fog {unknown}
 u - a scroll of silence {unknown}
Potions
 b - a potion of magic
 g - 2 potions of degeneration (quivered)
 l - a potion of lignification
 n - 2 potions of attraction
 o - a potion of might
 r - a potion of mutation {unknown}
 v - a potion of curing {unknown}


   Skills:
 + Level 0.4 Fighting
 + Level 0.6 Short Blades
 + Level 1.9 Dodging
 + Level 1.9 Stealth
 + Level 3.3 Spellcasting
 + Level 1.0 Conjurations
 + Level 0.2 Hexes
 + Level 4.1 Fire Magic


You had 4 spell levels left.
You knew the following spells:

 Your Spells              Type           Power      Damage    Failure   Level
a - Foxfire               Conj/Fire      44%        2x1d6     4%          1
b - Scorch                Fire           30%        2d6       3%          2
c - Inner Flame           Hex/Fire       9%         N/A       14%         3

Your spell library contained the following spells:

 Spells                   Type           Power      Damage    Failure   Level
 Volatile Blastmotes      Fire/Tloc      18%        2d11      14%         3
 Ensorcelled Hibernation  Hex/Ice        6%         N/A       16%         2
 Passwall                 Tmut/Erth      1%         N/A       16%         2
 Swiftness                Air            2%         N/A       32%         3
 Flame Wave               Conj/Fire      11%        2d6       34%         4


Dungeon Overview and Level Annotations

Branches:
Dungeon (4/15)
 Temple: D:4-7

Altars:
Hepliaklqana
Sif Muna


Innate Abilities, Weirdness & Mutations

You have hoof-like feet.
You regenerate magic rapidly.
You have a small tail.


Message History

A gnoll comes into view. It is wielding a +0 whip.
The gnoll bouda shouts!
The gnoll bouda barks out a call to the hunt!
The gnolls pick up the pace!
A kobold comes into view. It is wielding a +0 whip.
The gnoll shouts! x2; The kobold shouts!
The gnoll misses you.
You hit the iguana.
Your tail-slap misses the iguana.
The iguana is lightly wounded.
The gnoll barely misses you.
You hit the iguana.
The iguana is lightly wounded.
The iguana barely misses you. The gnoll closely misses you.
A giant cockroach comes into view.
The gnoll hits you with a +0 club. The gnoll misses you.
You hit the iguana but do no damage.
The iguana is lightly wounded.
The iguana bites you. The gnoll closely misses you.
You hit the iguana but do no damage.
The iguana is lightly wounded.
The gnoll closely misses you.
A scorpion comes into view.
The iguana bites you but does no damage.
You hit the iguana.
The iguana is moderately wounded.
The gnoll barely misses you. The gnoll closely misses you.
The gnoll misses you.
You closely miss the iguana.
The iguana is moderately wounded.
The kobold hits you with a +0 whip. The iguana bites you!
The gnoll hits you but does no damage. The gnoll hits you with a +0 club!
The gnoll hits you with a +0 spear.
* * * LOW HITPOINT WARNING * * *
You feel very mighty all of a sudden. The iguana bites you.
* * * LOW HITPOINT WARNING * * *
The kobold hits you with a +0 whip.
* * * LOW HITPOINT WARNING * * *
The gnoll hits you from afar with a +0 halberd of freezing.
You die...

..##....?. .......
......... .. .......
......... ... .......
.....s... .... .......
g.......#####.. .......
........#..... .....##
.....ggg.#..# ...#.#.
##g##..# # #####..
#.g@lB.###..# #.....
####K......... #....
#...#....##..#.... #
###.##...#........
##.##........... #.<.. .
#......###...#...###.#
#....##.####........####
#....##....#.........#.#
.......................#


You could see a gnoll bouda, a scorpion, an iguana, 4 gnolls, a giant cockroach
and a kobold.

Vanquished Creatures
  5 adders
  A worm (D:3)
  4 dart slugs
  7 orcs
  8 endoplasms
  4 giant cockroaches
  10 goblins
  10 hobgoblins
  3 jackals (D:4)
  7 kobolds
  3 quokkas
  4 ball pythons
  3 bats
  3 frilled lizards
  6 rats
78 creatures vanquished.

Vanquished Creatures (others)
  99 foxfires
99 creatures vanquished.

Grand Total: 177 creatures vanquished

Notes
Turn   | Place    | Note
-------+----------+-------------------------------------------
     0 | D:1      | MachoJfn the Demonspawn Fire Elementalist began the quest
                  | for the Orb.
     0 | D:1      | Reached XP level 1. HP: 13/13 MP: 3/3
    90 | D:1      | Reached skill level 3 in Fire Magic
   114 | D:1      | Discovered your monstrous ancestry.
   114 | D:1      | Gained mutation: You have large cloven feet. [demonic
                  | ancestry]
   114 | D:1      | Reached XP level 2. HP: 19/19 MP: 1/5
   880 | D:1      | Learned a level 2 spell: Scorch
   985 | D:1      | Gained mutation: You have hoof-like feet. [demonic
                  | ancestry]
   985 | D:1      | Reached XP level 3. HP: 23/25 MP: 0/6
  1315 | D:1      | Found a faded altar of an unknown god.
  1324 | D:1      | Prayed at the altar of an unknown god.
  1324 | D:1      | Became a worshipper of Sif Muna the Loreminder
  1324 | D:1      | Reached * piety under Sif Muna
  1999 | D:2      | Gained mutation: You have a small tail. [demonic ancestry]
  1999 | D:2      | Reached XP level 4. HP: 31/31 MP: 3/8
  2561 | D:3      | Reached ** piety under Sif Muna
  2844 | D:3      | Reached skill level 4 in Fire Magic
  3103 | D:3      | Learned a level 3 spell: Inner Flame
  3680 | D:3      | Found a hazy altar of Hepliaklqana.
  3734 | D:3      | Fell from the grace of Sif Muna
  3734 | D:3      | Became a worshipper of Hepliaklqana the Forgotten
  6801 | D:4      | Gained mutation: You regenerate magic rapidly. [demonic
                  | ancestry]
  6801 | D:4      | Reached XP level 5. HP: 6/36 MP: 2/10
  7258 | D:4      | Slain by a gnoll

Illustrated notes

Levels and vault maps discovered:
D:1:      dreamdust_arrival_sigmund_warning, layout_loops_ring,
          shapermc_ecumenical_altar_notcrosses
D:2:      layout_basic
D:3:      layout_basic, mainiacjoe_overflow_surrounded_room
D:4:      layout_cave_pools, minmay_temple_entry_waves

Skill      XL: |  1  2  3  4 |
---------------+-------------+-----
Fire Magic     | 3 4 |  4.1
Spellcasting   | 3 |  3.3
Fighting       | |  0.4
Short Blades   | |  0.6
Dodging        | |  1.9
Stealth        | |  1.9
Conjurations   | |  1.0
Hexes          | |  0.2

Action                     |  1- 3 |  4- 6 || total
---------------------------+-------+-------++-------
  Melee: Dagger            |    28 |    39 ||    67
         Kick              |     4 |     7 ||    11
         Tailslap          |       |     4 ||     4
         Unarmed           |       |     1 ||     1
   Cast: Foxfire           |    51 |     8 ||    59
         Scorch            |    23 |    38 ||    61
         Inner Flame       |       |     2 ||     2
    Use: Potion            |     5 |     1 ||     6
         Scroll            |     1 |     4 ||     5
 Armour: Robe              |    15 |    27 ||    42
         Leather armour    |       |    11 ||    11
  Dodge: Dodged            |    28 |    40 ||    68

Table legend: (Time is in decaauts)
 A = Elapsed time spent in this place.
 B = Non-inter-level travel time spent in this place.
 C = Inter-level travel time spent in this place.
 D = Time resting spent in this place.
 E = Time spent auto-exploring this place.
 F = Levels seen in this place.
 G = Mean time per level.
                   A        B        C        D        E       F      G
               +--------+--------+--------+--------+--------+-----+--------+
         Total |   7241 |   6749 |    492 |   3783 |   2386 |   4 | 1810.2 |
       Dungeon |   7241 |   6749 |    492 |   3783 |   2386 |   4 | 1810.2 |
               +--------+--------+--------+--------+--------+-----+--------+

Top non-repeatable levels by time:
     D:3: 4247 daAuts
     D:1: 1484 daAuts
     D:2: 989 daAuts
     D:4: 520 daAuts
